 Dungeon Crawl Stone Soup version 0.21-a0-426-g98080a9 (webtiles) character file.

461 kae the Insei (level 6, -5/51 HPs)
             Began as a Draconian Transmuter on Nov 7, 2017.
             Slain by a hippogriff (6 damage)
             ... on level 4 of the Dungeon.
             The game lasted 00:04:49 (4887 turns).

kae the Insei (Draconian Transmuter)                Turns: 4887, Time: 00:04:50

Health: -5/51      AC:  6    Str: 12    XL:     6   Next: 79%
Magic:  6/11       EV: 12    Int: 14    God:
Gold:   225        SH:  0    Dex: 13    Spells: 5/11 levels left

rFire    + . .     SeeInvis .   d - +3 dagger (flame)
rCold    . . .     Gourm    .   (no shield)
rNeg     . . .     Faith    .   (armour unavailable)
rPois    .         Spirit   .   (helmet restricted)
rElec    .         Reflect  .   (no cloak)
rCorr    .         Harm     .   (no gloves)
MR       .....                  (boots currently unavailable)
Stlth    +.........             (no amulet)
HPRegen  0.17/turn              o - ring of protection from fire
MPRegen  0.12/turn              (no ring)

@: appendage, very slightly contaminated
A: unfitting armour, talons 3, cold-blooded, AC +6
a: End Transformation


You were on level 4 of the Dungeon.
You were not hungry.
You had grown temporary talons.
You visited 1 branch of the dungeon, and saw 4 of its levels.

You collected 225 gold pieces.

Inventory:

Hand Weapons
 d - a +3 dagger of flaming (weapon)
Missiles
 a - 23 arrows
Jewellery
 o - a ring of protection from fire (left hand)
Wands
 k - a wand of confusion (48/48)
Scrolls
 g - 2 scrolls of teleportation
 h - a scroll of remove curse
 i - a scroll of identify
 t - 2 scrolls of fog
Potions
 e - 2 potions of invisibility
 j - a potion of might {unknown}
 l - a potion of brilliance
 m - a potion of agility
 n - a potion of berserk rage
Books
 b - a book of Changes

   Spells                             Type                      Level
   a - Beastly Appendage              Transmutation                1
   b - Sticks to Snakes               Transmutation                2
   c - Spider Form                    Transmutation/Poison         3
   d - Ice Form                       Ice/Transmutation            4
   e - Blade Hands                    Transmutation                5
Comestibles
 c - 4 bread rations


   Skills:
 + Level 3.6 Fighting
 - Level 1.7 Dodging
 * Level 5.3 Unarmed Combat
 + Level 3.3 Spellcasting
 + Level 3.7 Transmutations


You had 5 spell levels left.
You knew the following spells:

 Your Spells              Type           Power        Failure   Level  Hunger
a - Beastly Appendage     Tmut           ##....       4%          1    #......
b - Sticks to Snakes      Tmut           ##......     7%          2    ##.....
c - Spider Form           Tmut/Pois      #.........   28%         3    ###....


Dungeon Overview and Level Annotations

Branches:
Dungeon (4/15)
 Temple: D:4-7

Altars:
Fedhas
Hepliaklqana
Sif Muna

Annotations:
D:3 kae's ghost, amateur TeFE
D:4 exclusion: hippogriff


Innate Abilities, Weirdness & Mutations

Your plain brown scales are hard. (AC +6)
You cannot fit into any form of body armour.
You are cold-blooded and may be slowed by cold attacks.
You have claws for feet.


Message History

You hit the hippogriff. You burn the hippogriff.
You tail-slap the hippogriff, but do no damage.
The hippogriff is heavily wounded.
The hippogriff bites you. The hippogriff barely misses you.
The hippogriff closely misses you.
Casting: Beastly Appendage
Confirm with . or Enter, or press ? or * to list all spells.
You create a snake!
You now have 23 arrows.
The hippogriff bites you but does no damage.
The hippogriff pecks you. The hippogriff claws you.
* * * LOW HITPOINT WARNING * * *
The hippogriff bites you!
* * * LOW HITPOINT WARNING * * *
The hippogriff pecks you.
* * * LOW HITPOINT WARNING * * *
The hippogriff claws you.
* * * LOW HITPOINT WARNING * * *
Your ball python bites the hippogriff.
The hippogriff bites you.
You die...

##..#####..^.........#
###..## ###.........##
##..### ###........## ##..##
###.......## ##.[## ###
###......###.. ..### ...##
###......... .## .....##
###..##... ## .......####
#.## .. # .......@..## ##.#
. .......SH..### #..#
.............###..#
..............#...#
..............)...#
#........................# #
#.>......................#
###........................#
...........................#


You could see a hippogriff and a friendly ball python.

Vanquished Creatures
  An ogre (D:4)
  2 howler monkeys (D:4)
  A hound (D:4)
  A bullfrog skeleton (D:4)
  Natasha (thrice) (D:2)
  A worker ant (D:4)
  Robin (D:2)
  6 adders
  2 worms (D:3)
  A dart slug (D:3)
  A ball python (D:1)
  5 giant cockroaches
  21 goblins
  7 hobgoblins
  12 jackals
  2 quokkas
  10 bats
  4 frilled lizards
  A jackal skeleton (D:4)
  11 kobolds
  4 rats
97 creatures vanquished.

Notes
Turn   | Place    | Note
-------+----------+-------------------------------------------
     0 | D:1      | kae the Draconian Transmuter began the quest for the Orb.
     0 | D:1      | Reached XP level 1. HP: 16/16 MP: 3/3
   273 | D:1      | Reached XP level 2. HP: 23/23 MP: 5/5
   321 | D:1      | Learned a level 2 spell: Sticks to Snakes
  1130 | D:2      | Reached XP level 3. HP: 21/29 MP: 6/6
  1218 | D:2      | Noticed Natasha
  1275 | D:1      | Learned a level 3 spell: Spider Form
  1287 | D:2      | Killed Natasha
  1428 | D:2      | Reached XP level 4. HP: 32/36 MP: 7/7
  1458 | D:2      | Noticed Natasha
  1475 | D:2      | Killed Natasha
  1475 | D:2      | Reached skill level 4 in Unarmed Combat
  1601 | D:2      | Found a hazy altar of Hepliaklqana.
  1668 | D:2      | Noticed Natasha
  1678 | D:2      | Killed Natasha
  1921 | D:2      | Reached XP level 5. HP: 42/42 MP: 7/9
  2259 | D:3      | Noticed Robin
  2404 | D:2      | Killed Robin
  2701 | D:3      | Found a deep blue altar of Sif Muna.
  2872 | D:3      | Noticed kae's ghost (amateur TeFE)
  3872 | D:4      | Found a blossoming altar of Fedhas.
  3893 | D:4      | Reached XP level 6. HP: 30/51 MP: 8/10
  4169 | D:4      | Noticed a hippogriff
  4220 | D:4      | Reached skill level 5 in Unarmed Combat
  4884 | D:4      | HP: 2/51 [hippogriff (1)]
  4887 | D:4      | Slain by a hippogriff

Vault maps used:
D:1:      nicolae_arrival_memento_mori
D:2:      lemuel_coloured_pillars_altar, feat_on_display, uniq_natasha
D:3:      overflow_temple_1_default, first_bread, uniq_robin
D:4:      hangedman_decor_points, hangedman_decor_diamond_cutter, fedhas_altar_3

Skill      XL: |  1  2  3  4  5  6 |
---------------+-------------------+-----
Fighting       | 2 3 |  3.6
Unarmed Combat | 4 5 |  5.3
Transmutations | 3 |  3.7
Spellcasting   | 3 |  3.3
Dodging        | |  1.7

Action                   |  1- 3 |  4- 6 || total
-------------------------+-------+-------++-------
Melee: Dagger            |   103 |   265 ||   368
       Unarmed           |     4 |     9 ||    13
       Punch             |     4 |     7 ||    11
       Headbutt          |     3 |     4 ||     7
       Tailslap          |     8 |    26 ||    34
       Kick              |       |     8 ||     8
 Cast: Beastly Appendage |     5 |    11 ||    16
       Spider Form       |     1 |     3 ||     4
       Sticks to Snakes  |       |     3 ||     3
  Use: Scroll            |       |    15 ||    15
  Eat: Chunk             |     2 |     8 ||    10
       Meat ration       |       |     1 ||     1
Armor: Skin              |    36 |   104 ||   140
Dodge: Dodged            |    75 |   227 ||   302

Table legend:
 A = Spawn XP
 B = Non-spawn XP
 C = Spawn XP percentage of total XP
 D = Spawn monster count
 E = Non-spawn monster count
 F = Spawn count percentage of total count
 G = Total turns spent on level
                    A         B        C        D         E        F      G
               +---------+---------+-------+---------+---------+-------+---------
         Total |       0 |     659 |   0.0 |       0 |      97 |   0.0 |  4887
               +---------+---------+-------+---------+---------+-------+---------
           D:1 |       0 |      33 |   0.0 |       0 |      18 |   0.0 |  1101
           D:2 |       0 |     225 |   0.0 |       0 |      39 |   0.0 |  1826
           D:3 |       0 |      84 |   0.0 |       0 |      33 |   0.0 |  1132
           D:4 |       0 |     317 |   0.0 |       0 |       7 |   0.0 |   828
               +---------+---------+-------+---------+---------+-------+---------
